Map: 光影交错-天梯版

Players

iGXY (XY)

  • Race: Terran Terran

llllllllllll (Coffee) - Winner!

  • Race: Terran Terran
  • League: Master

Event: DreamHack SC2 Masters 2021 Winter

VOD

Have the link to the VOD?

Description

Time

  • Played on: Oct. 9, 2021, 8:13 a.m.
  • Length: 6:00

All games in this series

Show
View Real Time Build Order
Export as new Build Order

iGXY Terran 

Build Orders:  

Get SALT Encoding   

  12  0:00  SCV  
  13  0:12  SCV  
  14  0:17  Supply Depot  
  14  0:24  SCV  
  15  0:38  SCV  
  15  0:39  Barracks  
  16  0:43  Refinery  
  16  0:50  SCV  
  17  1:02  SCV  
  18  1:15  SCV  
  19  1:26  Marine  
  19  1:29  Orbital Command  
  20  1:40  Command Center  
  20  1:44  Reaper  
  21  1:53  Supply Depot  
  21  1:54  SCV  
  22  2:06  SCV  
  22  2:08  Factory  
  23  2:14  Bunker  
  23  2:16  Marine  
  23  2:21  SCV  
  25  2:32  Refinery  
  25  2:33  SCV  
  25  2:34  Marine  
  27  2:45  SCV  
  28  2:52  Marine  
  28  2:53  Hellion  
  28  2:55  Orbital Command  
  28  2:56  Refinery  
  28  2:57  SCV  
  32  3:09  SCV  
  32  3:11  Barracks Reactor  
  33  3:14  Starport  
  33  3:15  Factory Tech Lab  
  33  3:21  SCV  
  33  3:22  SCV  
  35  3:33  SCV, Siege Tank  
  39  3:34  SCV  
  40  3:45  SCV  
  40  3:47  Supply Depot  
  40  3:48  SCV  
  42  3:50  Viking  
  44  3:58  SCV  
  44  4:00  SCV  
  46  4:10  SCV  
  46  4:11  Factory Tech Lab  
  46  4:13  Command Center  
  47  4:19  Marine x2  
  48  4:32  SCV, Siege Tank  
  50  4:38  SCV  
  50  4:42  Supply Depot, Raven  
  50  4:44  SCV  
  54  4:46  Supply Depot  
  54  5:01  Refinery  
  54  5:02  Supply Depot  
  54  5:03  SCV x2, Marine x2  
  54  5:04  Siege Tank  
  59  5:15  SCV x2  
  61  5:21  Marine  
  61  5:27  SCV, Marine  
  57  5:29  SCV  
  57  5:36  SCV  
  57  5:42  SCV  
  54  5:46  SCV  
Show
View Real Time Build Order
Export as new Build Order

llllllllllll Terran - Winner!

Build Orders:  

Get SALT Encoding   

  12  0:00  SCV  
  13  0:12  SCV  
  14  0:17  Supply Depot  
  14  0:24  SCV  
  15  0:39  SCV  
  15  0:40  Barracks  
  16  0:42  Refinery  
  16  0:51  SCV  
  16  0:52  Refinery  
  17  1:03  SCV  
  18  1:15  SCV  
  19  1:27  Reaper, Orbital Command  
  19  1:29  Supply Depot  
  20  1:43  Factory  
  20  1:52  SCV  
  21  1:59  Reaper  
  22  2:05  SCV  
  23  2:17  SCV  
  24  2:24  Command Center  
  24  2:29  SCV  
  25  2:32  Barracks Reactor  
  25  2:39  Starport  
  25  2:41  SCV  
  26  2:47  Hellion  
  28  2:53  Supply Depot  
  28  2:55  SCV  
  29  3:08  SCV  
  29  3:10  Factory Tech Lab  
  30  3:16  Marine x2  
  32  3:22  SCV  
  33  3:28  Siege Tank  
  33  3:29  Medivac  
  33  3:33  Refinery  
  38  3:35  SCV  
  38  3:38  Marine x2  
  41  3:44  Orbital Command  
  41  3:47  SCV  
  42  4:01  Siege Tank  
  45  4:04  SCV  
  45  4:09  Viking x2  
  50  4:15  Supply Depot  
  50  4:18  SCV x2  
  50  4:23  Marine  
  53  4:30  SCV  
  54  4:37  Siege Tank  
  57  4:39  Supply Depot  
  57  4:41  Marine  
  57  4:43  Viking  
  60  4:45  Viking  
  60  4:51  Supply Depot  
  62  5:00  SCV x2  
  62  5:01  Supply Depot  
  63  5:45  SCV x2  
  63  5:48  Command Center  

Tags
 
Add a new tag
Caveats
  • Supply blocks, unpowered buildings, or Contaminate may cause inaccurate times.
  • Supply counts are checked every 10 seconds.